 Dungeon Crawl Stone Soup version 0.27-a0-1185-ga233589e6f (webtiles) character file.

Game seed: 6303155827191592378

13995 Morbidden the Destroyer (level 11, -3/83 HPs)
             Began as a Demonspawn Conjurer on May 19, 2021.
             Was a High Priest of Cheibriados.
             Engulfed by an ice statue's freezing vapour (9 damage)
             ... in an ice cave.
             The game lasted 00:20:51 (15641 turns).

Morbidden the Destroyer (Demonspawn Conjurer)      Turns: 15641, Time: 00:20:52

Health: -3/83      AC: 13    Str: 26    XL:     11   Next: 82%
Magic:  13/21      EV: 13    Int: 35    God:    Cheibriados [*****.]
Gold:   611        SH:  0    Dex: 23    Spells: 14/23 levels left

rFire    . . .     SeeInvis .   b - +9 rapier of the Orcish Mines {vamp, rN+}
rCold    + . .     Faith    +   (no shield)
rNeg     + . .     Spirit   .   C - +0 chain mail
rPois    .         Reflect  .   (no helmet)
rElec    .         Harm     .   N - +1 cloak
rCorr    .         Rampage  .   (no gloves)
Will     .....                  (no boots)
Stlth    ..........             y - amulet of faith
HPRegen  0.23/turn              O - ring of protection from cold
MPRegen  0.17/turn              S - +6 ring of strength

@: very slow
A: hooves 1, spiny 2, sharp scales 1
a: Renounce Religion, Bend Time, Temporal Distortion, Slouch, Step From Time


You were in an ice cave.
You worshipped Cheibriados.
Cheibriados was extremely pleased with you.
You visited 3 branches of the dungeon, and saw 14 of its levels.
You also visited: Ice Cave.

You collected 611 gold pieces.

Inventory:

Hand Weapons
 a - a +0 longbow
 b - the +9 rapier of the Orcish Mines (weapon) {vamp, rN+}
   (You found it on level 7 of the Dungeon)

   It inflicts no extra harm, but heals its wielder when it wounds a living foe.
   It protects you from negative energy.
 j - a +3 dagger of electrocution
 F - a +0 scimitar
 L - a +1 dagger of venom
Missiles
 d - 45 poisoned darts (quivered)
 M - 106 arrows
 P - a curare-tipped dart
Armour
 C - a +0 chain mail (worn)
 N - a +1 cloak (worn)
Jewellery
 c - an amulet of the acrobat
 y - an amulet of faith (around neck)
 D - a ring of fire
 I - an amulet of reflection
 O - a ring of protection from cold (left hand)
 Q - a ring of protection from fire
 S - a +6 ring of strength (right hand)
Wands
 t - a wand of flame (29)
 H - a wand of iceblast (6)
 J - a wand of paralysis (6)
 R - a wand of charming (11)
Scrolls
 h - 13 scrolls of identify
 i - 5 scrolls of teleportation
 l - a scroll of amnesia
 n - a scroll of noise
Potions
 e - 2 potions of might
 f - a potion of invisibility
 g - 4 potions of lignification
 k - 3 potions of mutation {unknown}
 m - 5 potions of curing
 o - a potion of resistance {unknown}
 p - 2 potions of attraction {unknown}
 q - a potion of degeneration {unknown}
 r - a potion of heal wounds {unknown}
 s - a potion of brilliance {unknown}
 u - 2 potions of flight {unknown}
 v - a potion of cancellation {unknown}
 w - 2 potions of ambrosia {unknown}
 B - a potion of magic


   Skills:
 * Level 6.4 Fighting
 + Level 5.8(6.2) Short Blades
 * Level 2.7(4.6) Long Blades
 + Level 1.7 Bows
 + Level 0.6 Throwing
 + Level 6.1 Armour
 * Level 6.7 Dodging
 + Level 3.8 Stealth
 + Level 0.2 Unarmed Combat
 * Level 6.8 Spellcasting
 * Level 8.6 Conjurations
 * Level 2.8 Translocations
 * Level 2.3 Air Magic
 * Level 7.5 Invocations


You had 14 spell levels left.
You knew the following spells:

 Your Spells              Type           Power      Damage    Failure   Level
a - Magic Dart            Conj           100%       1d8       1%          1
b - Searing Ray           Conj           100%       3d7       1%          2
c - Iskenderun's Mystic   Conj/Tloc      51%        2d11      19%         4
z - Static Discharge      Conj/Air       50%        N/A       3%          2

Your spell library contained the following spells:

 Spells                   Type           Power      Damage    Failure   Level
 Dazzling Flash           Conj/Hex       84%        N/A       10%         3
 Iskenderun's Battlesphe  Conj           64%        2d11      16%         5
 Fulminant Prism          Conj/Hex       21%        3d13      32%         4
 Lightning Bolt           Conj/Air       25%        1d41      50%         5
 Irradiate                Conj/Tmut      21%        3d20      65%         5
 Bolt of Magma            Conj/Fire/Erth 16%        4d9       85%         5
 Iron Shot                Conj/Erth      21%        9d5       99%         6
 Orb of Destruction       Conj           32%        9d12      99%         7
 Blade Hands              Tmut           6%         N/A       100%        6
 Statue Form              Tmut/Erth      8%         N/A       100%        6
 Dragon Form              Tmut           6%         N/A       100%        7
 Spellforged Servitor     Conj/Summ      21%        N/A       100%        7
 Ignition                 Fire           6%         3d4       100%        8
 Shatter                  Erth           6%         3d9*      100%        9
 Tornado                  Air            14%        N/A       100%        9


Dungeon Overview and Level Annotations

Branches:
Dungeon (12/15)            Temple (1/1) D:4            Lair (1/6) D:11
    Orc (0/2) D:10          IceCv (1/1)

Altars:
Ashenzari
Cheibriados
Elyvilon
Fedhas
Hepliaklqana
Kikubaaqudgha
Makhleb
Qazlal
Uskayaw
Vehumet
Xom

Shops:
D:4 [

Annotations:
IceCv exclusion: ice statue


Innate Abilities, Weirdness & Mutations

You have large cloven feet.
You are mostly covered in sharp spines.
You are partially covered in razor-sharp scales. (AC +1, Slay +1)


Message History

The ice statue is heavily damaged.
The searing ray hits the ice beast!
The ice beast is severely wounded.
You are engulfed in freezing vapours.
You resist. The ice statue gestures at you. The bolt of cold hits you.
You resist.
Casting: Searing Ray (safe; 1% risk of failure)
Confirm with . or Enter, or press ? or * to list all spells.
Aiming: Searing Ray (safe; 1% risk of failure)
Press: ? - help, Shift-Dir - straight line, f/p - ice statue
Aim: an ice statue (heavily damaged, 100% to hit)
The searing ray hits the ice beast.
You kill the ice beast!
The searing ray hits the ice statue!
The ice statue is heavily damaged. (Press . to maintain the ray.)
You are engulfed in freezing vapours.
You resist. The ice statue gestures at you. The freezing blast engulfs you.
You resist.
Unknown command.
The searing ray hits the ice statue!
The ice statue is severely damaged.
You are engulfed in freezing vapours.
You resist. The ice statue gestures at you. The shard of ice hits you!!
You partially resist.
* * * LOW HITPOINT WARNING * * *
The searing ray hits the ice statue!!
The ice statue is almost destroyed.
You are engulfed in freezing vapours.
You resist.
* * * LOW HITPOINT WARNING * * *
Unknown command.
The searing ray hits the ice statue.
The ice statue is almost destroyed.
You finish channeling your searing ray.
The ice statue gestures at you. The freezing blast engulfs you! You resist.
* * * LOW HITPOINT WARNING * * *
Unknown command.
You are engulfed in freezing vapours.
You resist.
You die...

#.. ..# #..
..## ..##
...# #..#
..# #..#
### 8.##
#.####.##
#○°#
#..##...#
#☼°#
#.....∩∩#
##@☼#
#..##...#
#☼○○#
##.####.##
###.○##
#..# ###
#..☼☼# #..#
#...##
##.## #...#
#..# #..##
##..# #..#
##..##
#..####...#


You could see an ice statue.

Vanquished Creatures
  A quicksilver ooze (IceCv)
  A boulder beetle (D:11)
  2 two-headed ogres
  An ice statue (IceCv)
  Maggie (D:7)
  2 kobold demonologists (D:10)
  A freezing wraith (D:10)
  A troll (D:11)
  A hornet (D:10)
  4 wyverns
  9 yaks
  2 shadows
  2 wraiths
  Eustachio (D:5)
  A basilisk (D:11)
  4 steam dragons
  Menkaure (D:5)
  An acid dragon (D:10)
  2 water moccasins
  Duvessa (D:7)
  9 ice beasts
  2 ugly thing simulacra (IceCv)
  A hornet zombie (D:6)
  A black bear (D:5)
  2 necrophages
  3 sky beasts (D:6)
  2 ogres
  2 phantoms (D:4)
  3 kobold brigands
  Blork the orc (D:5)
  3 scorpions
  A glowing shapeshifter simulacrum (IceCv)
  11 bullfrogs
  A water moccasin zombie (D:5)
  Dowan (D:7)
  5 killer bees (D:8)
  14 wights
  2 howler monkeys (D:9)
  3 centaur zombies
  A centaur skeleton (D:7)
  3 hounds
  2 jellies (D:5)
  A gnoll shaman (D:7)
  4 orc priests
  Crazy Yiuf (D:7)
  3 iguanas
  6 orc wizards
  2 howler monkey zombies (D:9)
  5 gnolls
  8 adders
  A white imp (D:8)
  4 worms
  A dart slug (D:4)
  23 orcs
  9 ball pythons
  9 bats
  6 endoplasms
  A giant cockroach (D:2)
  6 goblins
  9 hobgoblins
  5 jackals
  8 quokkas
  2 frilled lizards
  16 kobolds
  6 rats
248 creatures vanquished.

Vanquished Creatures (collateral kills)
  A cane toad (Lair:1)
1 creature vanquished.

Vanquished Creatures (others)
  5 plants (Lair:1)
5 creatures vanquished.

Grand Total: 254 creatures vanquished

Notes
Turn   | Place    | Note
-------+----------+-------------------------------------------
     0 | D:1      | Morbidden the Demonspawn Conjurer began the quest for the
                  | Orb.
     0 | D:1      | Reached XP level 1. HP: 13/13 MP: 3/3
   472 | D:1      | Gained mutation: You are partially covered in razor-sharp
                  | scales. (AC +1, Slay +1) [demonic ancestry]
   472 | D:1      | Reached XP level 2. HP: 19/19 MP: 5/5
   562 | D:2      | Learned a level 2 spell: Searing Ray
   967 | D:1      | Gained mutation: You are partially covered in sharp spines.
                  | [demonic ancestry]
   967 | D:1      | Reached XP level 3. HP: 24/24 MP: 6/6
  1854 | D:2      | Gained mutation: You are mostly covered in sharp spines.
                  | [demonic ancestry]
  1854 | D:2      | Reached XP level 4. HP: 31/31 MP: 0/7
  2735 | D:3      | Reached skill level 5 in Conjurations
  2949 | D:3      | Noticed a scorpion
  2958 | D:3      | Killed a scorpion
  2959 | D:3      | Reached skill level 1 in Fighting
  2959 | D:3      | Reached XP level 5. HP: 27/37 MP: 1/8
  3895 | D:4      | Found Raut's Armour Boutique.
  3900 | D:4      | Reached skill level 1 in Short Blades
  4053 | D:4      | Noticed a phantom
  4053 | D:4      | Noticed a water moccasin
  4065 | D:4      | Killed a water moccasin
  4066 | D:4      | Reached XP level 6. HP: 39/43 MP: 10/10
  4071 | D:4      | Reached skill level 1 in Armour
  4749 | D:4      | Found a staircase to the Ecumenical Temple.
  4758 | D:4      | Gained mutation: You have large cloven feet. [demonic
                  | ancestry]
  4758 | D:4      | Reached XP level 7. HP: 34/50 MP: 9/12
  4885 | Temple   | Entered the Ecumenical Temple
  4904 | Temple   | Became a worshipper of Cheibriados the Contemplative
  5052 | D:5      | Entered Level 5 of the Dungeon
  5189 | D:5      | Reached skill level 6 in Conjurations
  5192 | D:5      | Reached skill level 1 in Invocations
  5206 | D:5      | Noticed Blork the orc
  5225 | D:5      | Reached XP level 8. HP: 41/57 MP: 3/13
  5242 | D:5      | Killed Blork the orc
  5836 | D:5      | Noticed Eustachio
  5847 | D:5      | Killed Eustachio
  5969 | D:5      | Noticed Menkaure
  5972 | D:5      | Killed Menkaure
  6542 | D:6      | Reached * piety under Cheibriados
  6922 | D:6      | Reached skill level 5 in Spellcasting
  6922 | D:6      | Reached XP level 9. HP: 63/64 MP: 9/16
  7255 | D:6      | Reached skill level 7 in Conjurations
  7268 | D:6      | Reached ** piety under Cheibriados
  7772 | D:6      | You fall into a shaft and drop 1 floor!
  7819 | D:7      | Reached skill level 5 in Dodging
  8044 | D:7      | Identified the +9 rapier of the Orcish Mines {vamp, rN+}
  8404 | D:7      | Noticed Maggie
  8494 | D:7      | Killed Maggie
  8529 | D:7      | Noticed Dowan
  8529 | D:7      | Noticed Duvessa
  8535 | D:7      | Killed Dowan
  8538 | D:7      | Killed Duvessa
  8551 | D:7      | Found a runed translucent door.
  8552 | D:7      | Noticed Crazy Yiuf
  8556 | D:7      | Killed Crazy Yiuf
  8912 | D:8      | Reached *** piety under Cheibriados
  9108 | D:8      | Reached skill level 5 in Invocations
  9108 | D:8      | Reached XP level 10. HP: 62/73 MP: 18/18
  9260 | D:8      | Reached skill level 5 in Fighting
  9432 | D:8      | Reached **** piety under Cheibriados
  9907 | D:9      | Noticed a two-headed ogre
  9912 | D:9      | Killed a two-headed ogre
  9913 | D:9      | Reached skill level 1 in Long Blades
  9915 | D:9      | Reached skill level 5 in Armour
 10801 | D:9      | Learned a level 4 spell: Iskenderun's Mystic Blast
 11141 | D:10     | Entered Level 10 of the Dungeon
 12318 | D:10     | Reached skill level 5 in Short Blades
 12318 | D:10     | Reached skill level 1 in Translocations
 12837 | D:10     | Learned a level 2 spell: Static Discharge
 12926 | D:10     | Reached XP level 11. HP: 30/81 MP: 14/20
 12927 | D:10     | Reached skill level 8 in Conjurations
 13192 | D:10     | Found a staircase to the Orcish Mines.
 13474 | D:11     | You fall into a shaft and drop 1 floor!
 13738 | D:11     | Noticed a two-headed ogre
 13748 | D:11     | Killed a two-headed ogre
 13749 | D:11     | Reached skill level 1 in Air Magic
 13918 | D:11     | Reached ***** piety under Cheibriados
 14028 | D:11     | Reached skill level 1 in Bows
 14083 | D:11     | Found a staircase to the Lair.
 14166 | D:11     | Noticed a boulder beetle
 14179 | D:11     | Killed a boulder beetle
 14894 | Lair:1   | Entered Level 1 of the Lair of Beasts
 14904 | Lair:1   | Identified a scroll of acquirement
 14904 | Lair:1   | Acquired a book of Power
 14937 | Lair:1   | Found a frozen archway.
 14968 | IceCv    | Entered an ice cave
 15091 | IceCv    | Noticed a quicksilver ooze
 15098 | IceCv    | Killed a quicksilver ooze
 15641 | IceCv    | Engulfed by an ice statue's freezing vapour

Illustrated notes

Levels and vault maps discovered:
D:1:      dpeg_arrival_renting, layout_basic, st_stairs_4, glass_columns_b,
          chequers_arboretum, item_on_display_a
D:2:      layout_loops_ring, serial_aquarium, aquarium_bridge_straight
          [aquarium_subvault_bridge, aquarium_subvault_window,
          aquarium_subvault_bridge, aquarium_subvault_window],
          aquarium_window_1, aquarium_window_fake, aquarium_view_2c,
          aquarium_pool_side
D:3:      layout_loops_corners, corexii_leaking_fountain,
          minmay_misc_feat_secret_circle, minmay_crystal_room
D:4:      layout_gridville, minmay_temple_entry_nine_rooms, serial_shops,
          nicolae_shop_crystal, hangedman_decor_diamond_cutter
D:5:      layout_basic, uniq_eustachio, uniq_menkaure, uniq_blork_the_orc
D:6:      layout_cave_pools
D:7:      layout_basic, uniq_maggie, uniq_crazy_yiuf_cottage, uniq_duvessa
D:8:      layout_loops_ring, ebering_dispersal_statue_hall
D:9:      layout_roguey, elyvilon_altar_3
D:10:     layout_grid_maze, orc_0_dummy, minivault_19, bh_walls_and_bars
D:11:     layout_stronghold, lair_entry_dummy
D:12:     minmay_chambers_of_sixes, layout_long_grid
Temple:   grunt_wide_crystal_templ
Lair:1:   layout_regular_city, portal_ice_cave_entry_ice_beasts, uniq_sonja
IceCv:    ice_cave_hellmonk_azure_passage

Skill      XL: |  1  2  3  4  5  6  7  8  9 10 11 |
---------------+----------------------------------+-----
Dodging        | 2 3 4 5 6 |  6.7
Stealth        | 2 3 |  3.8
Conjurations   | 5 6 7 8 |  8.6
Fighting       | 1 2 3 4 5 6 |  6.4
Short Blades   | 1 2 3 5 |  5.8
Spellcasting   | 3 5 6 |  6.8
Armour         | 1 2 3 4 5 6 |  6.1
Invocations    | 1 3 5 6 7 |  7.5
Long Blades    | 2 |  2.7
Translocations | 1 2 |  2.8
Air Magic      | 2 |  2.3
Bows           | 1 |  1.7
Throwing       | |  0.6
Unarmed Combat | |  0.2

Action                   |  1- 3 |  4- 6 |  7- 9 | 10-12 || total
-------------------------+-------+-------+-------+-------++-------
Melee: Unarmed           |     8 |       |       |       ||     8
       Dagger            |    23 |    81 |    75 |       ||   179
       Rapier            |       |       |    47 |   209 ||   256
       Falchion          |       |       |     7 |       ||     7
       Kick              |       |       |       |    27 ||    27
       Punch             |       |       |       |     1 ||     1
 Fire: Longbow           |       |       |       |    49 ||    49
Throw: Dart              |       |       |     2 |     6 ||     8
 Cast: Magic Dart        |    44 |    42 |    50 |     3 ||   139
       Searing Ray       |     4 |     4 |    34 |    14 ||    56
Invok: Slouch            |       |       |       |     2 ||     2
  Use: Potion            |       |     3 |     4 |       ||     7
       Scroll            |       |     2 |     1 |     9 ||    12
 Stab: Sleeping          |       |     3 |       |       ||     3
       Invisible         |       |       |     2 |       ||     2
Armor: Robe              |     8 |     4 |       |       ||    12
       Leather armour    |       |     7 |       |       ||     7
       Skin              |       |     2 |     6 |       ||     8
       Scale mail        |       |       |    36 |       ||    36
       Chain mail        |       |       |    35 |    99 ||   134
Dodge: Dodged            |    29 |    31 |    57 |   104 ||   221
       Rpst.: Falchion   |       |       |     2 |       ||     2

Table legend: (Time is in decaauts)
 A = Elapsed time spent in this place.
 B = Non-inter-level travel time spent in this place.
 C = Inter-level travel time spent in this place.
 D = Time resting spent in this place.
 E = Time spent auto-exploring this place.
 F = Levels seen in this place.
 G = Mean time per level.
                   A        B        C        D        E       F      G
               +--------+--------+--------+--------+--------+-----+--------+
         Total |  18897 |  17585 |   1312 |   2187 |  13483 |  15 | 1259.8 |
       Dungeon |  18031 |  16729 |   1302 |   1654 |  13367 |  12 | 1502.6 |
        Temple |     40 |     31 |      9 |      0 |     13 |   1 |   40.0 |
          Lair |     94 |     94 |      0 |      0 |      0 |   1 |   94.0 |
      Ice Cave |    731 |    731 |      0 |    533 |    102 |   1 |  731.0 |
               +--------+--------+--------+--------+--------+-----+--------+

Top non-repeatable levels by time:
    D:10: 2272 daAuts
     D:5: 1957 daAuts
     D:9: 1871 daAuts
    D:11: 1831 daAuts
     D:7: 1806 daAuts
     D:6: 1504 daAuts
     D:8: 1477 daAuts
     D:3: 1405 daAuts
     D:1: 1345 daAuts
     D:2: 1342 daAuts
     D:4: 1121 daAuts
   IceCv: 731 daAuts
    D:12: 96 daAuts
  Lair:1: 94 daAuts
  Temple: 40 daAuts
